 Dungeon Crawl Stone Soup version 0.17.0-26-gececa24 (webtiles) character file.

7728 lucasterio the Spear-Bearer (level 11, -3/101 HPs)
             Began as a Minotaur Berserker on Nov 19, 2015.
             Was a High Priest of Trog.
             Slain by a seven-headed hydra (11 damage)
             ... on level 1 of the Lair of Beasts.
             The game lasted 00:53:33 (9946 turns).

lucasterio the Spear-Bearer (Minotaur Berserker)    Turns: 9946, Time: 00:53:35

Health: -3/101     AC: 13    Str: 24    XL:     11   Next: 0%
Magic:  10/10      EV: 11    Int:  4    God:    Trog [*****.]
Gold:   598        SH:  0    Dex: 11    Spells: 0 memorised, 10 levels left

rFire  + . .     SeeInvis .     P - +0 trident
rCold  . . .     Clarity  .     r - +1 scale mail {MR+}
rNeg   . . .     SustAt   .     (no shield)
rPois  +         Gourm    .     (helmet restricted)
rElec  .         Spirit   .     (no cloak)
rCorr  .         Warding  .     l - +1 pair of gloves
rMut   .         Stasis   .     L - +0 pair of boots {Fly}
MR     +++..                    (no amulet)
Stlth  ..........               z - ring of protection from fire
                                B - ring of poison resistance

@: flying, regenerating, extremely resistant to hostile enchantments, extremely
unstealthy
A: retaliatory headbutt, horns 2
a: Berserk, Trog's Hand, Brothers in Arms, Burn Spellbooks, Renounce Religion,
Stop Flying


You were on level 1 of the Lair of Beasts.
You worshipped Trog.
Trog was extremely pleased with you.
You were not hungry.

You visited 2 branches of the dungeon, and saw 11 of its levels.
You also visited: Ossuary.

You collected 788 gold pieces.
You spent 190 gold pieces at shops.

Inventory:

Hand Weapons
 a - a +0 shortbow
 H - a cursed +3 battleaxe
 P - a +0 trident (weapon)
 Y - a +2 glaive of chopping
Missiles
 n - 147 arrows
 S - 8 javelins of returning (quivered)
Armour
 l - a +1 pair of gloves (worn)
 r - a +1 scale mail of magic resistance (worn)
 G - a +0 plate armour
 L - a +0 pair of boots of flying (worn)
 O - a +1 scale mail of fire resistance
Jewellery
 d - an uncursed ring of invisibility
 p - an uncursed ring of fire
 z - a ring of protection from fire (right hand)
 B - a ring of poison resistance (left hand)
Wands
 t - a wand of slowing (23)
 u - a wand of frost (17)
 J - a wand of fire (9)
 V - a wand of cold (11)
 W - a wand of digging (15)
Scrolls
 e - 15 scrolls of identify
 i - a scroll of immolation {unknown}
 m - 3 scrolls of enchant weapon {unknown}
 o - 7 scrolls of remove curse {unknown}
 x - 5 scrolls of amnesia {unknown}
 y - a scroll of acquirement {unknown}
 A - 3 scrolls of enchant armour {unknown}
 D - 6 scrolls of teleportation
 N - a scroll of fog {unknown}
 Q - a scroll of blinking {unknown}
 R - a scroll of random uselessness {unknown}
 U - a scroll of vulnerability {unknown}
Potions
 g - 6 potions of curing {unknown}
 h - 2 potions of brilliance {unknown}
 j - 3 potions of flight {unknown}
 k - 3 potions of heal wounds
 q - a potion of cancellation {unknown}
 s - a potion of magic {unknown}
 v - 4 potions of haste
 w - a potion of lignification {unknown}
 C - 3 potions of poison {unknown}
 E - a potion of invisibility {unknown}
 K - a potion of berserk rage {unknown}
 M - a potion of agility {unknown}
 T - a potion of cure mutation {unknown}
Books
 b - a book of Envenomations

   Spells                             Type                      Level
   a - Spider Form                    Transmutation/Poison         3
   b - Alistair's Intoxication        Transmutation/Poison         4
   c - Olgreb's Toxic Radiance        Poison                       4
   d - Poisonous Cloud                Conjuration/Poison/Air       6
   Trog disapproves of the use of such an item.
 I - a book of the Warp

   Spells                             Type                      Level
   a - Recall                         Summoning/Translocation      3
   b - Gell's Gravitas                Hexes/Translocation          3
   c - Force Lance                    Conjuration/Translocation    4
   d - Phase Shift                    Translocation                5
   e - Warp Weapon                    Charms/Translocation         5
   f - Summon Forest                  Summoning/Translocation      5
   Trog disapproves of the use of such an item.
Comestibles
 c - 10 bread rations
 f - 12 fruits
 F - 4 meat rations
 X - 9 slices of pizza


   Skills:
 + Level 10.6 Fighting
 * Level 14.3 Polearms
 - Level 10.3 Armour
 - Level 2.1 Dodging
 + Level 0.0 Evocations


You had 10 spell levels left.
You didn't know any spells.

Dungeon Overview and Level Annotations

Branches:
Dungeon (10/15)            Temple (0/1) D:5            Lair (1/8) D:10
    Orc: D:9-12

Altars:
Ashenzari
Cheibriados
Dithmenos
Elyvilon
Fedhas
Gozag
Qazlal
Trog
Vehumet
Yredelemnul
Zin

Shops:
D:4 [   D:6 *   D:8 =


Innate Abilities, Weirdness & Mutations

You reflexively headbutt those who attack you in melee.
You have a pair of horns on your head.


Message History

* * * LOW HITPOINT WARNING * * *
Your skin crawls.
You feel resistant to hostile enchantments.
You feel slightly more hungry. The seven-headed hydra bites you!
* * * LOW HITPOINT WARNING * * *
The seven-headed hydra bites you but does no damage.
The seven-headed hydra misses you. x2
The seven-headed hydra bites you but does no damage.
The seven-headed hydra bites you.
* * * LOW HITPOINT WARNING * * *
The seven-headed hydra bites you but does no damage.
You see here a disc of storms.
The seven-headed hydra closely misses you.
The seven-headed hydra bites you but does no damage.
The seven-headed hydra closely misses you.
The seven-headed hydra bites you!
* * * LOW HITPOINT WARNING * * *
The seven-headed hydra bites you but does no damage. x2
The seven-headed hydra bites you!
You die...

#.....# ###.>...###
#.# #P........# ..###
#......P.#####...#
#......#.##.≈..#.##
###.##.###..≈≈≈≈≈...#
.......###.≈≈≈≈≈≈≈..#
#.#.#####...≈≈≈≈≈≈..#
##...####..<.≈≈D@≈..#
..#.#.P##...≈≈≈≈≈≈..#
#.....}..#..≈≈≈≈≈≈.##
..#...##.#.≈≈≈≈≈≈...#
.#.........≈≈≈≈≈..#.#
###.#.......≈≈≈....##
# ####.P.###...#.#.#
# #...# ##.#..#..# #
#.#.# #......##


You could see a seven-headed hydra.

Vanquished Creatures
  Erica (D:10)
  Psyche (D:10)
  A komodo dragon (D:10)
  2 trolls
  A two-headed ogre (D:10)
  Sigmund (D:5)
  A wyvern (D:8)
  A hungry ghost (D:9)
  A hippogriff (D:7)
  A steam dragon (D:9)
  Grum (D:10)
  2 insubstantial wisps (D:9)
  4 wolves (D:10)
  2 water moccasins
  6 sky beasts
  6 orc warriors
  4 ogres
  A wasp (D:10)
  A centaur (D:9)
  A porcupine (Lair:1)
  A phantom (D:9)
  An elf zombie (Ossuary)
  A crocodile (Lair:1)
  3 giant frogs
  A wyvern zombie (D:7)
  2 big kobolds
  The ghost of lucasterio the Poker, a weakling MiBe of Trog (D:3)
  A scorpion (D:6)
  3 killer bees (D:10)
  4 wights (D:4)
  4 hounds
  2 jellies
  A centaur zombie (Ossuary)
  5 centaur skeletons
  6 orc wizards
  A giant frog skeleton (D:9)
  3 orc priests (D:10)
  3 iguanas
  3 worker ants
  4 big kobold zombies (Ossuary)
  2 hound zombies
  3 mummies (Ossuary)
  Robin (D:2)
  7 gnolls
  14 adders
  4 shadow imps
  An ooze (D:7)
  An adder zombie (Ossuary)
  2 adder skeletons
  5 worms
  3 giant geckos
  31 orcs
  A ball python (D:1)
  2 gnoll zombies (Ossuary)
  27 goblins
  16 hobgoblins
  9 jackals
  18 kobolds
  5 quokkas
  10 bats
  8 giant cockroaches
  2 giant gecko skeletons (D:4)
  3 goblin zombies (Ossuary)
  5 hobgoblin zombies (Ossuary)
  A jackal skeleton (D:4)
  5 jackal zombies
  5 kobold zombies (Ossuary)
  An orc zombie (Ossuary)
  A quokka skeleton (D:6)
  4 quokka zombies
  9 rats
  3 rat zombies (Ossuary)
  4 butterflies (D:5)
302 creatures vanquished.

Notes
Turn   | Place    | Note
--------------------------------------------------------------
     0 | D:1      | lucasterio the Minotaur Berserker began the quest for the Orb.
     0 | D:1      | Reached XP level 1. HP: 19/19 MP: 0/0
   394 | D:1      | Reached XP level 2. HP: 20/27 MP: 1/1
   740 | D:1      | Reached skill level 4 in Polearms
   829 | D:2      | Reached XP level 3. HP: 33/33 MP: 2/2
   842 | D:2      | Reached ** piety under Trog
   926 | D:2      | Noticed Robin
   938 | D:2      | Killed Robin
  1075 | D:2      | Reached XP level 4. HP: 40/40 MP: 3/3
  1232 | D:2      | Reached skill level 5 in Polearms
  1614 | D:2      | Reached *** piety under Trog
  1620 | D:2      | Reached XP level 5. HP: 30/47 MP: 4/4
  2045 | D:3      | Reached skill level 5 in Fighting
  2301 | D:3      | Noticed lucasterio's ghost (weakling MiBe)
  2308 | D:3      | Killed lucasterio's ghost
  2308 | D:3      | Reached skill level 6 in Polearms
  2308 | D:3      | Reached XP level 6. HP: 56/56 MP: 5/5
  2960 | D:4      | Reached skill level 7 in Polearms
  2960 | D:4      | Reached skill level 5 in Armour
  2960 | D:4      | Reached XP level 7. HP: 58/63 MP: 6/6
  3257 | D:4      | Reached **** piety under Trog
  3343 | D:4      | Found Yhewniv's Armour Boutique.
  3346 | D:4      | Bought a +0 pair of boots of flying for 115 gold pieces
  3637 | D:5      | Entered Level 5 of the Dungeon
  3721 | D:5      | Noticed a fire elemental
  3723 | D:5      | Found a stormy altar of Qazlal.
  3898 | D:5      | Noticed a water elemental
  3898 | D:5      | Noticed an air elemental
  3970 | D:5      | Found a white marble altar of Elyvilon.
  4286 | D:5      | Found a staircase to the Ecumenical Temple.
  4366 | D:5      | Found a basalt altar of Yredelemnul.
  4531 | D:5      | Noticed Sigmund
  4558 | D:5      | Killed Sigmund
  4558 | D:5      | Reached skill level 8 in Polearms
  4726 | D:6      | Reached XP level 8. HP: 71/71 MP: 7/7
  4893 | D:6      | Found a radiant altar of Vehumet.
  5062 | D:6      | Found Disaorunoe's General Store.
  5067 | D:6      | Bought a scroll of identify for 30 gold pieces
  5067 | D:6      | Bought a scroll of teleportation for 45 gold pieces
  5206 | D:6      | Reached skill level 9 in Polearms
  6103 | D:7      | Reached ***** piety under Trog
  6400 | D:7      | Reached skill level 10 in Polearms
  6543 | D:8      | Found a sand-covered staircase.
  6554 | Ossuary  | Entered an ossuary
  6648 | Ossuary  | Reached XP level 9. HP: 81/81 MP: 8/8
  6959 | D:8      | Found a radiant altar of Vehumet.
  6961 | D:8      | Found a bloodstained altar of Trog.
  6961 | D:8      | Found a blossoming altar of Fedhas.
  6961 | D:8      | Found a snail-covered altar of Cheibriados.
  6962 | D:8      | Found an opulent altar of Gozag.
  6962 | D:8      | Found a shadowy altar of Dithmenos.
  6962 | D:8      | Found a glowing silver altar of Zin.
  6962 | D:8      | Found a shattered altar of Ashenzari.
  7194 | D:8      | Reached skill level 11 in Polearms
  7333 | D:8      | Found Iggexad's Jewellery Emporium.
  7911 | D:9      | Reached skill level 12 in Polearms
  8289 | D:9      | Reached XP level 10. HP: 86/91 MP: 9/9
  8478 | D:10     | Entered Level 10 of the Dungeon
  8656 | D:10     | Reached skill level 13 in Polearms
  8674 | D:10     | Received a gift from Trog
  9029 | D:10     | Noticed Grum
  9036 | D:10     | Reached skill level 10 in Fighting
  9043 | D:10     | Killed Grum
  9122 | D:10     | Found a staircase to the Lair.
  9123 | D:10     | Noticed Erica
  9124 | D:10     | Noticed Psyche
  9126 | D:10     | HP: 4/93 [iguana (3)]
  9394 | D:10     | Reached skill level 10 in Armour
  9625 | D:10     | Killed Psyche
  9716 | D:10     | Killed Erica
  9716 | D:10     | Reached skill level 14 in Polearms
  9859 | Lair:1   | Entered Level 1 of the Lair of Beasts
  9876 | Lair:1   | Reached XP level 11. HP: 81/101 MP: 10/10
  9919 | Lair:1   | Noticed a six-headed hydra
  9930 | Lair:1   | HP: 5/101 [seven-headed hydra (11)]
  9930 | Lair:1   | HP: 1/101 [seven-headed hydra (4)]
  9946 | Lair:1   | Slain by a seven-headed hydra

Action                   |  1- 3 |  4- 6 |  7- 9 | 10-12 || total
-------------------------+-------+-------+-------+-------++-------
Melee: Spear             |    68 |    82 |   610 |       ||   760
       Halberd           |       |    86 |    96 |    73 ||   255
       Glaive            |       |       |       |    76 ||    76
       Trident           |       |       |       |     6 ||     6
Invok: Berserk           |     2 |     1 |     5 |     2 ||    10
       Trog's Hand       |       |       |     4 |     4 ||     8
  Use: Scroll            |       |       |     4 |     6 ||    10
       Potion            |       |       |       |     3 ||     3
  Eat: Chunk             |     3 |     7 |    17 |     5 ||    32
       Meat ration       |       |       |     2 |       ||     2
       Beef jerky        |       |       |     2 |       ||     2
       Royal jelly       |       |       |     1 |       ||     1
